 Dungeon Crawl Stone Soup version 0.31-a0-210-gccc998df9b (webtiles) character file.

Game seed: 12531842241008464159

46 qw the Chopper (level 3, 0/23 HPs)
             Began as a Gargoyle Fighter on June 29, 2023.
             Slain by an orc
             ... wielding a +0 flail
              (3 damage)
             ... on level 2 of the Dungeon.
             The game lasted 00:00:51 (2084 turns).

qw the Chopper (Gargoyle Fighter)                   Turns: 2084, Time: 00:00:51

Health: 0/23       AC: 11    Str: 21    XL:     3   Next: 66%
Magic:  0/3        EV:  9    Int:  8    God:
Gold:   136        SH:  4    Dex:  9    Spells: 2/2 levels left

rFire   . . .        Y - +0 war axe
rCold   . . .        c - +0 buckler
rNeg    + . .        b - +0 scale mail
rPois   inf          (no helmet)
rElec   +            n - +0 cloak
rCorr   .            (no gloves)
SInv    .            (no boots)
Will    .....        l - amulet of guardian spirit Stlth
                     (no ring)
HPRegen 0.23/turn    (no ring)
MPRegen 0.08/turn

%: guardian spirit
@: about to teleport
A: sickness immunity, AC +3, negative energy resistance 1, electricity
resistance, torment resistance 1, petrification resistance
a: no special abilities


You were on level 2 of the Dungeon.
You visited 1 branch of the dungeon, and saw 3 of its levels.

You collected 136 gold pieces.


Innate Abilities, Weirdness & Mutations

You are immune to sickness and miasma.
Your stone body is resilient. (AC +3)
You are immune to poison.
You resist negative energy. (rN+)
You are resistant to electric shocks. (rElec)
You are resistant to unholy torment.
You are immune to petrification.


   Skills:
 - Level 3.2 Fighting
 + Level 3.5 Axes
 - Level 3.2 Armour
 - Level 3.2 Shields


You had 2 spell levels left.
You didn't know any spells.
Your spell library was empty.

Inventory:

Hand Weapons
 o - a +0 mace
 Y - a +0 war axe (weapon)
Armour
 b - a +0 scale mail (worn)
 c - a +0 buckler (worn)
 n - a +0 cloak (worn)
Jewellery
 h - a ring of ice
 l - an amulet of guardian spirit (around neck)
Scrolls
 k - a scroll of identify
Potions
 d - a potion of might
 f - a potion of lignification {unknown}
 g - 4 potions of curing
 i - a potion of attraction {unknown}
 j - a potion of haste {unknown}
 m - a potion of berserk rage {unknown}
 p - a potion of cancellation {unknown}

Dungeon Overview and Level Annotations

Branches:
Dungeon (3/15)

Altars:


Message History

Enter note:
Enter note:
Enter note:
Enter note:
Enter note:
Enter note:
Enter note: You hit the orc priest but do no damage.
The orc priest is lightly wounded.
You closely miss the orc. You hit the orc but do no damage.
The orc hits you with a +0 flail.
The orc priest calls upon Beogh to heal the orc.
The orc's wounds heal themselves!
The orc completely misses you. The orc hits you with a +0 flail.
The orc priest looks encouraged for a moment.
The orc closely misses you.
You hit the orc priest but do no damage.
The orc priest is lightly wounded.
You closely miss the orc. You hit the orc. The orc hits you with a +0 flail.
The orc priest completely misses you. The orc hits you but does no damage.
2082 ||| READING scroll of teleportation.
As you read the scroll of teleportation, it crumbles to dust.
You feel strangely unstable. The orc barely misses you.
The orc priest barely misses you. The orc hits you but does no damage.
You hit the orc but do no damage.
The orc is moderately wounded.
You closely miss the orc priest. You closely miss the orc.
The orc barely misses you.
The orc priest hits you but does no damage.
The orc barely misses you.
You hit the orc but do no damage.
The orc is moderately wounded.
You hit the orc priest but do no damage.
You hit the orc. The orc barely misses you.
The orc priest hits you but does no damage.
The orc hits you with a +0 club. The orc hits you with a +0 flail.
You die...

##########.###########.###.......
##########..#########......#.#.##
...................#..#.####.#.##
############.#####...##.####.#.##
#................#..###.........#
....#########....#.#..#.........#
....#..............#..#.........#
....#..........oo#.#..#.........#
...###########.#@#.#.......#.#.##
.............#.#o#.##.#.##.#.#...
...#########.#.#.#.##(#.##.#.####
...# #.#.#.#.##.#.##.#.# # #.##
#.#.#.#.##.#.##.#.#### #.#
#.#.#.#.##.#.##.#..... #.#
#.#.#.#....#.##.###### #.#
#.#.#.######.##.#..... #.#
#.#.#........##.##.###


You could see an orc priest and 2 orcs.

Vanquished Creatures
  An adder (D:2)
  An orc (D:3)
  5 endoplasms
  2 goblins
  6 hobgoblins (D:2)
  2 quokkas (D:1)
  2 ball pythons
  5 bats
  2 frilled lizards
  4 kobolds
  3 rats
33 creatures vanquished.

Notes
Turn   | Place    | Note
-------+----------+-------------------------------------------
     0 | D:1      | qw the Gargoyle Fighter began the quest for the Orb.
     0 | D:1      | Reached XP level 1. HP: 14/14 MP: 1/1
     0 | D:1      | 0 ||| qw: Version: 0.3-a-24-ga2abf7b
     0 | D:1      | 0 ||| qw: Game counter: 7027
     0 | D:1      | 0 ||| qw: Melee chars always use a shield: true
     0 | D:1      | 0 ||| qw: God list: Okawaru
     0 | D:1      | 0 ||| qw: Allow faded altars: false
     0 | D:1      | 0 ||| qw: Do Orc after clearing Dungeon:15 true
     0 | D:1      | 0 ||| qw: Do second Lair branch before Depths: true
     0 | D:1      | 0 ||| qw: Lair rune preference: random
     0 | D:1      | 0 ||| qw: Goals: Normal, Zot:1-4, Slime:5, God:TSO, Crypt,
                  | Tomb, Abyss, Pan, Hells, Win
     0 | D:1      | 0 ||| PLANNING D:1-11
   437 | D:1      | Reached XP level 2. HP: 19/19 MP: 2/2
   520 | D:1      | 520 ||| DROPPING +0 club.
   621 | D:1      | 621 ||| DROPPING +1 whip of electrocution.
   952 | D:1      | 952 ||| UPGRADING to +0 cloak.
   957 | D:1      | 957 ||| UPGRADING to amulet of guardian spirit.
   962 | D:1      | 962 ||| READING scroll labelled RARUECL JIGOISO.
   963 | D:1      | 963 ||| READING scroll labelled IZYR DUTOISTE.
   967 | D:1      | 967 ||| READING 2 scrolls labelled GESICK FOSYEDGH.
   968 | D:1      | 968 ||| DRINKING 2 ruby potions.
  1202 | D:2      | Reached skill level 3 in Axes
  1278 | D:2      | Reached XP level 3. HP: 23/23 MP: 3/3
  1352 | D:2      | 1352 ||| Stepping ~*~*~tactically~*~*~ (stealth).
  1358 | D:2      | 1358 ||| Stepping ~*~*~tactically~*~*~ (stealth).
  1384 | D:2      | Identified the +5 short sword of the Immovable Stories
                  | {flame, rPois Int+4}
  2010 | D:2      | 2010 ||| READING scroll labelled AROASU VUQORU.
  2078 | D:3      | 2078 ||| STAIRDANCE
  2081 | D:2      | HP: 3/23 [orc/+0 flail (5)]
  2082 | D:2      | 2082 ||| READING scroll of teleportation.
  2084 | D:2      | Slain by an orc

Levels and vault maps discovered:
D:1:      saegor_arrival_simple_d, layout_loops_corners
D:2:      layout_basic
D:3:      layout_basic

Skill      XL: |  1  2 |
---------------+-------+-----
Axes           | 2 3 |  3.5
Fighting       | |  3.2
Armour         | |  3.2
Shields        | |  3.2

Action                     || total
---------------------------++-------
  Melee: War axe           ||   142
    Use: Scroll            ||     5
         Potion            ||     1
 Armour: Scale mail        ||    77
  Dodge: Dodged            ||    77
  Block: Buckler           ||    22

Table legend:
 A = Non-vault XP
 B = Vault XP
 C = Vault XP percentage of total XP
 D = Non-vault monster count
 E = Vault monster count
 F = Vault count percentage of total count
                 A         B        C        D         E       F
            +---------+---------+-------+---------+---------+-------
      Total |      66 |       0 |   0.0 |      33 |       0 |   0.0
            +---------+---------+-------+---------+---------+-------
        D:1 |      18 |       0 |   0.0 |      12 |       0 |   0.0
        D:2 |      45 |       0 |   0.0 |      20 |       0 |   0.0
        D:3 |       3 |       0 |   0.0 |       1 |       0 |   0.0
            +---------+---------+-------+---------+---------+-------
